 Dungeon Crawl Stone Soup version 0.17-a0-1468-gbf503c2 (webtiles) character file.

42590 ztt the Imperceptible (level 13, -2/59 HPs)
             Began as a Spriggan Enchanter on July 1, 2015.
             Was the Champion of Okawaru.
             Slain by a hornet (17 damage)
             ... on level 8 of the Lair of Beasts.
             The game lasted 00:57:20 (22319 turns).

ztt the Imperceptible (Spriggan Enchanter)         Turns: 22319, Time: 00:57:21

Health: -2/59      AC:  4    Str:  4    XL:     13   Next: 86%
Magic:  25/32      EV: 26    Int: 23    God:    Okawaru [******]
Gold:   891        SH:  0    Dex: 17    Spells: 6 memorised, 22 levels left

rFire  . . .     SeeInvis +     K - +6 dagger of the Saviour {pierce, +Blink +Rage}
rCold  . . .     Clarity  .     N - +0 robe of Parlour Games {rElec}
rNeg   . . .     SustAt   .     (shield restricted)
rPois  .         Gourm    .     p - +0 hat
rElec  +         Spirit   .     C - +1 cloak
rCorr  .         Warding  .     (gloves unavailable)
rMut   .         Stasis   .     (boots unavailable)
MR     ++...                    (no amulet)
Stlth  +++++++++.               n - +3 ring of slaying
                                h - ring of wizardry

@: very slightly contaminated, slowed, quick, very resistant to hostile
enchantments, incredibly stealthy
A: unfitting armour, see invisible, clever 1, herbivore 3, speed 3, slow
metabolism 2
a: Heroism, Finesse, Renounce Religion, Evoke Blink, Evoke Berserk Rage


You were on level 8 of the Lair of Beasts.
You worshipped Okawaru.
Okawaru was exalted by your worship.
You were not hungry.

You visited 2 branches of the dungeon, and saw 18 of its levels.

You collected 1041 gold pieces.
You spent 150 gold pieces at shops.

Inventory:

Hand weapons
 z - a +0 blowgun
 K - the +6 dagger of the Saviour (weapon) {pierce, +Blink +Rage}
   (Okawaru gifted it to you on level 1 of the Lair of Beasts)

   It inflicts extra damage upon your enemies.
   It lets you blink.
   It lets you go berserk.
Missiles
 A - 105 poisoned needles
Armour
 b - a +2 robe
 p - a +0 hat (worn)
 C - a +1 cloak (worn)
 N - the +0 robe of Parlour Games (worn) {rElec}
   (You found it on level 8 of the Dungeon)

   It insulates you from electricity.
 T - a +2 robe of resistance
Jewellery
 h - a ring of wizardry (left hand)
 n - a +3 ring of slaying (right hand)
 o - an uncursed amulet of warding
 P - an uncursed ring of fire
 V - an uncursed ring of flight
Magical devices
 g - a wand of lightning (8)
 i - a wand of magic darts (30)
 t - a wand of digging (9)
 u - a wand of magic darts (30)
 E - a wand of magic darts (36)
 O - a wand of teleportation (5)
Scrolls
 e - 12 scrolls of remove curse
 f - 2 scrolls of enchant armour
 k - 5 scrolls of fog
 v - 2 scrolls of amnesia
 w - 2 scrolls of magic mapping
 y - 3 scrolls of identify
 B - 3 scrolls of teleportation
 G - 4 scrolls of recharging
 H - 3 scrolls of blinking
 R - 3 scrolls of brand weapon
 S - a scroll of enchant weapon
Potions
 j - 3 potions of invisibility
 l - a potion of might
 m - 7 potions of curing
 q - 3 potions of flight
 s - a potion of magic
 x - a potion of heal wounds
 D - 2 potions of resistance
 I - 4 potions of haste
 J - 2 potions of degeneration
 L - 4 potions of berserk rage
Books
 a - a book of Burglary

   Spells                             Type                      Level
   a - Swiftness                      Charms/Air                   2
   b - Passwall                       Transmutation/Earth          3
   c - Passage of Golubria            Translocation                4
   d - Lee's Rapid Deconstruction     Earth                        5
   e - Invisibility                   Hexes                        6
   f - Darkness                       Hexes                        7
 c - a book of Maledictions

   Spells                             Type                      Level
   a - Corona                         Hexes                        1
   b - Ensorcelled Hibernation        Hexes/Ice                    2
   c - Confuse                        Hexes                        3
   d - Tukima's Dance                 Hexes                        3
   e - Dazzling Spray                 Conjuration/Hexes            3
 F - the Reference Book on Boosting Summoning
   (You found it on level 9 of the Dungeon)

   Spells                             Type                      Level
   a - Summon Small Mammal            Summoning                    1
   b - Regeneration                   Charms/Necromancy            3
   c - Call Canine Familiar           Summoning                    3
   d - Summon Ice Beast               Ice/Summoning                4
   e - Ring of Flames                 Charms/Fire                  7
 Q - a book of Frost

   Spells                             Type                      Level
   a - Freeze                         Ice                          1
   b - Throw Frost                    Conjuration/Ice              2
   c - Ozocubu's Armour               Charms/Ice                   3
   d - Throw Icicle                   Conjuration/Ice              4
   e - Summon Ice Beast               Ice/Summoning                4
   f - Condensation Shield            Ice                          4
Comestibles
 d - 12 bread rations
 r - 29 fruits
 U - a royal jelly


   Skills:
 + Level 2.4 Fighting
 + Level 4.6 Short Blades
 + Level 0.4 Throwing
 + Level 10.2 Dodging
 * Level 22.4 Stealth
 * Level 14.1 Spellcasting
 + Level 11.0 Hexes
 + Level 5.1 Ice Magic


You had 22 spell levels left.
You knew the following spells:

 Your Spells              Type           Power        Failure   Level  Hunger
a - Corona                Hex            ######.      1%          1    None
b - Ensorcelled Hibernat  Hex/Ice        ######       1%          2    None
c - Confuse               Hex            ######..     1%          3    None
d - Tukima's Dance        Hex            ######..     1%          3    None
e - Dazzling Spray        Conj/Hex       #####...     1%          3    None
f - Invisibility          Hex            ######..     3%          6    #####..


Dungeon Overview and Level Annotations

Branches:
Dungeon (10/15)            Temple (0/1) D:7            Lair (8/8) D:10
  Swamp (0/4) Lair:6        Snake (0/4) Lair:5        Slime (0/6) Lair:8
    Orc: D:9-12

Altars:
Cheibriados
Dithmenos
Elyvilon
Gozag
Okawaru
Ru
Vehumet
Yredelemnul
Zin
The Shining One

Shops:
D:5 *

Annotations:
Lair:1 exclusion: 4 oklob plants
Lair:5 exclusion: oklob plant


Innate Abilities, Weirdness & Mutations

You are tiny and cannot use many weapons and most armour.
You have supernaturally acute eyesight.
You are a herbivore.
You cover ground extremely quickly.
You need consume almost no food.
Your mind is acute. (Int +2)


Message History

Casting: Ensorcelled Hibernation
Confirm with . or Enter, or press ? or * to list all spells.
Aiming: Ensorcelled Hibernation
Press: ? - help, Shift-Dir - straight line, f - hornet
Aim: a hornet (chance to defeat MR: 55%)
The hornet resists with some effort.
The hornet stings you.
* * * LOW HITPOINT WARNING * * *
You are lethally poisoned!
You feel as though you will be slow longer.
* * * LOW HITPOINT WARNING * * *
You feel sick. The hornet completely misses you.
Drink which item? (? for menu, Esc to quit)
You feel much better.
You feel sick. The hornet stings you!!
* * * LOW HITPOINT WARNING * * *
You are lethally poisoned!
You feel as though you will be slow longer.
The hornet completely misses you.
Drink which item? (? for menu, Esc to quit)
You feel better. The hornet stings you!
You die...

#.....##...........#..
#..................##.
#........>......PP#.†.
#................P##..
#....##....#.....###..
#....###...##......###
#.....#.....##.....#..
#.................###.
#....@#.P†........##..
#....y.P......#....P..
#........†....PP....PP
#...PP.......PP...##.[
#.............#P..##..
#...............PP.##.
#............P......##
#...............P....#
#..............##...††


You could see a hornet.

Vanquished Creatures
  5 hydras
  3 death yaks
  The ghost of CipHuK the Basher, an experienced OgHu (D:6)
  An ugly thing (D:8)
  A hornet (Lair:8)
  A griffon (Lair:6)
  6 black mambas
  6 elephants
  Maurice (D:9)
  11 spiny frogs
  A torpor snail (Lair:4)
  5 fire drakes
  The ghost of Ajdolov the Spear-Bearer, an experienced MfGl (D:5)
  9 komodo dragons
  2 trolls
  A trapdoor spider zombie (D:9)
  Prince Ribbit (D:8)
  A two-headed ogre (D:8)
  A slime creature (Lair:8)
  35 yaks
  A shadow (D:8)
  4 wyverns
  Eustachio (D:5)
  12 hippogriffs
  Grum (D:8)
  2 steam dragons (D:8)
  A basilisk (Lair:2)
  A hungry ghost (D:8)
  8 vampire mosquitoes (Lair:6)
  20 water moccasins
  Edmund (D:6)
  2 nagas (Lair:5)
  16 wolves
  11 porcupines
  2 orc warriors
  6 phantoms
  2 ice beasts
  6 ogres
  3 spiders (Lair:8)
  2 sky beasts
  4 wasps (Lair:8)
  14 crocodiles
  6 centaurs
  3 big kobolds (D:8)
  Blork the orc (D:5)
  12 giant frogs
  A gnoll sergeant (D:8)
  2 water moccasin zombies
  A wyvern skeleton (D:9)
  A water moccasin skeleton (D:8)
  8 killer bees
  4 scorpions
  5 electric eels
  A centaur zombie (D:8)
  5 wights (D:6)
  5 orc priests
  4 jellies
  5 crimson imps
  Crazy Yiuf (D:7)
  8 orc wizards
  A giant frog skeleton (D:8)
  10 iguanas
  2 hounds
  10 worker ants
  A killer bee zombie (D:7)
  26 sheep
  A hound skeleton (D:8)
  10 gnolls
  20 adders
  48 river rats
  A shadow imp (D:5)
  2 oozes
  3 adder zombies
  An adder skeleton (D:7)
  A worm (D:3)
  37 orcs
  10 giant cockroaches
  11 goblins
  15 hobgoblins
  13 jackals
  27 kobolds
  5 quokkas
  2 ball pythons
  11 bats
  5 giant geckos
  A giant newt (D:3)
  A quokka zombie (D:6)
  15 rats
576 creatures vanquished.

Vanquished Creatures (others)
  An orc (D:6)
  17 fungi
  15 plants
33 creatures vanquished.

Grand Total: 609 creatures vanquished

Notes
Turn   | Place    | Note
--------------------------------------------------------------
     0 | D:1      | ztt the Spriggan Enchanter began the quest for the Orb.
     0 | D:1      | Reached XP level 1. HP: 9/9 MP: 5/5
   164 | D:1      | You fall through a shaft!
   494 | D:1      | Reached XP level 2. HP: 13/13 MP: 7/7
   709 | D:1      | Learned a level 2 spell: Ensorcelled Hibernation
  1218 | D:2      | Reached XP level 3. HP: 14/16 MP: 8/8
  1257 | D:2      | Reached skill level 5 in Stealth
  1781 | D:2      | Reached XP level 4. HP: 18/21 MP: 2/10
  2299 | D:2      | Found a glowing golden altar of the Shining One.
  2396 | D:2      | Learned a level 3 spell: Confuse
  2562 | D:3      | Reached skill level 6 in Stealth
  2562 | D:3      | Reached XP level 5. HP: 20/24 MP: 12/12
  2707 | D:3      | Noticed an ogre
  2740 | D:3      | Killed an ogre
  3032 | D:3      | Reached skill level 7 in Stealth
  3032 | D:3      | Reached XP level 6. HP: 28/28 MP: 11/14
  3220 | D:3      | Reached skill level 5 in Spellcasting
  3548 | D:4      | Reached skill level 8 in Stealth
  3548 | D:4      | Reached skill level 1 in Ice Magic
  3548 | D:4      | Reached XP level 7. HP: 30/32 MP: 12/16
  3553 | D:4      | Learned a level 3 spell: Tukima's Dance
  3557 | D:4      | Learned a level 3 spell: Dazzling Spray
  4344 | D:4      | Reached skill level 5 in Dodging
  4391 | D:5      | Entered Level 5 of the Dungeon
  4402 | D:5      | Noticed Eustachio
  4422 | D:5      | Killed Eustachio
  4422 | D:5      | Reached skill level 9 in Stealth
  4422 | D:5      | Reached skill level 5 in Hexes
  4529 | D:5      | Noticed Ajdolov's ghost (experienced MfGl)
  4751 | D:5      | Reached XP level 8. HP: 34/36 MP: 13/19
  4878 | D:5      | Found Bonit's General Store.
  4907 | D:5      | Killed Ajdolov's ghost
  4907 | D:5      | Reached skill level 10 in Stealth
  5061 | D:5      | Bought a bread ration for 60 gold pieces
  5061 | D:5      | Bought a slice of pizza for 18 gold pieces
  5061 | D:5      | Bought a potion of curing for 36 gold pieces
  5061 | D:5      | Bought a potion of curing for 36 gold pieces
  5258 | D:5      | Found an iron altar of Okawaru.
  5261 | D:5      | Noticed Blork the orc
  5268 | D:5      | Killed Blork the orc
  5889 | D:6      | Reached skill level 11 in Stealth
  6031 | D:6      | Reached XP level 9. HP: 40/40 MP: 13/21
  6091 | D:6      | Reached skill level 12 in Stealth
  6126 | D:6      | Reached skill level 1 in Fighting
  6308 | D:6      | Noticed CipHuK's ghost (experienced OgHu)
  6438 | D:6      | Killed CipHuK's ghost
  6843 | D:6      | Found a white marble altar of Elyvilon.
  6965 | D:6      | Reached skill level 13 in Stealth
  7154 | D:6      | Found an opulent altar of Gozag.
  7322 | D:6      | Noticed Edmund
  7336 | D:6      | Killed Edmund
  7413 | D:6      | Found a sacrificial altar of Ru.
  7415 | D:6      | Found a shadowy altar of Dithmenos.
  7416 | D:6      | Found a basalt altar of Yredelemnul.
  7951 | D:7      | Found a snail-covered altar of Cheibriados.
  8062 | D:7      | Found a glowing silver altar of Zin.
  8063 | D:7      | Found a radiant altar of Vehumet.
  8233 | D:5      | Became a worshipper of Warmaster Okawaru
  8716 | D:7      | Noticed Crazy Yiuf
  8746 | D:7      | Killed Crazy Yiuf
  8968 | D:7      | Found a staircase to the Ecumenical Temple.
  9178 | D:8      | Reached skill level 14 in Stealth
  9384 | D:8      | Reached XP level 10. HP: 35/45 MP: 24/24
  9489 | D:8      | Noticed a purple ugly thing
  9490 | D:8      | Killed a purple ugly thing
  9490 | D:8      | Acquired Okawaru's first power
  9513 | D:8      | Reached skill level 15 in Stealth
  9936 | D:8      | Noticed Prince Ribbit
  9941 | D:8      | Killed Prince Ribbit
  9959 | D:8      | Noticed Grum
 10157 | D:8      | Killed Grum
 10162 | D:8      | Reached skill level 16 in Stealth
 10203 | D:8      | You fall through a shaft for 2 floors!
 10203 | D:10     | Entered Level 10 of the Dungeon
 10658 | D:10     | Found a staircase to the Lair.
 10740 | D:9      | Noticed Maurice
 10746 | D:9      | Killed Maurice
 11102 | D:8      | Reached XP level 11. HP: 43/50 MP: 19/25
 11150 | D:8      | Got a crude robe
 11161 | D:8      | Identified the cursed +0 robe of Parlour Games {rElec} (You found it on level 8 of the Dungeon)
 11176 | D:8      | Learned a level 6 spell: Invisibility
 11222 | D:8      | Reached skill level 10 in Spellcasting
 11596 | D:8      | Reached skill level 17 in Stealth
 12034 | D:9      | Identified the Reference Book on Boosting Summoning (You found it on level 9 of the Dungeon)
 12549 | Lair:1   | Entered Level 1 of the Lair of Beasts
 12716 | Lair:1   | Acquired Okawaru's second power
 12902 | Lair:1   | Noticed a four-headed hydra
 12938 | Lair:1   | Received a gift from Okawaru
 12941 | Lair:1   | Got a translucent dagger {god gift}
 12942 | Lair:1   | Identified the +6 dagger of the Saviour {pierce, +Blink +Rage} (Okawaru gifted it to you on level 1 of the Lair of Beasts)
 13190 | Lair:1   | Found a dark tunnel.
 13835 | Lair:1   | Reached skill level 18 in Stealth
 14789 | Lair:2   | Reached skill level 19 in Stealth
 15406 | Lair:3   | Reached XP level 12. HP: 51/54 MP: 14/28
 15463 | Lair:3   | Noticed a five-headed hydra
 15466 | Lair:3   | Killed a five-headed hydra
 15466 | Lair:3   | Received a gift from Okawaru
 16936 | Lair:4   | Reached skill level 20 in Stealth
 17094 | Lair:4   | Noticed a five-headed hydra
 17110 | Lair:4   | Killed a five-headed hydra
 17110 | Lair:4   | Received a gift from Okawaru
 18200 | Lair:5   | Received a gift from Okawaru
 18338 | Lair:5   | Found a staircase to the Snake Pit.
 18452 | Lair:5   | Reached skill level 10 in Hexes
 18529 | Lair:5   | Reached XP level 13. HP: 59/59 MP: 27/30
 18575 | Lair:5   | Noticed a four-headed hydra
 18599 | Lair:5   | Killed a four-headed hydra
 18780 | Lair:5   | Reached skill level 21 in Stealth
 19737 | Lair:6   | Found a staircase to the Swamp.
 20227 | Lair:6   | Reached skill level 10 in Dodging
 21161 | Lair:7   | Received a gift from Okawaru
 21234 | Lair:7   | Reached skill level 5 in Ice Magic
 21510 | Lair:8   | Entered Level 8 of the Lair of Beasts
 21522 | Lair:8   | Found a staircase to the Slime Pits.
 21662 | Lair:8   | Gained mutation: Your mind is acute. (Int +2) [potion of beneficial mutation]
 21714 | Lair:8   | Reached skill level 22 in Stealth
 22309 | Lair:8   | Paralysed by a hornet for 3 turns
 22313 | Lair:8   | HP: 2/59 [poisoned by a hornet]
 22319 | Lair:8   | Slain by a hornet

Vault maps used:
D:1:      dpeg_arrival_round_a, wad_woods_river_04
D:2:      tso_oasis_becter, first_bread, hex_medium, minmay_joined_circles
D:5:      lemuel_round_altar, serial_shops, kennysheep_mini, uniq_eustachio,
          uniq_blork_the_orc
D:6:      minitemple, basic_altar, serial_bayou_pond_b, grunt_gozag_breadcrumbs,
          uniq_edmund
D:7:      gammafunk_temple_overflow_statue, temple_hall,
          cheibrodos_worm_habitat, uniq_crazy_yiuf_cottage
D:8:      minmay_imperfect_grid, blue_anna_alchemist, uniq_prince_ribbit1,
          uniq_grum
D:9:      hangedman_decor_growths, hex_large, minmay_misc_feat_enclosed,
          minmay_misc_feat_doors, uniq_maurice
D:10:     lair_0_dummy
Lair:1:   dpeg_oklob_gauntlet, enter_volcano_2, patterned_corridor
Lair:2:   serial_bayou_pond_d, serial_bayou_ford_a, infiniplex_staircase_pool
Lair:4:   serial_bayou_pond_d, serial_bayou_lake_a, bh_autumn_forest_stairs
Lair:5:   guppyfry_snake_entry_garden, serial_bayou_pond_a, dpeg_oklob_1
Lair:6:   minmay_swamp_entry_swarm
Lair:7:   st_stairs_4, hangedman_lair_unloving_vines
Lair:8:   hangedman_lair_tendril_chambers, hangedman_lair_caniforms_friends,
          minmay_slime_entry_pillars

Action                   |  1- 3 |  4- 6 |  7- 9 | 10-12 | 13-15 || total
-------------------------+-------+-------+-------+-------+-------++-------
Melee: Dagger            |    86 |   114 |   351 |   559 |   272 ||  1382
 Fire: Blowgun           |       |       |       |       |     8 ||     8
 Cast: Corona            |    15 |     9 |     1 |     5 |     3 ||    33
       Ensorcelled Hiber |    13 |    16 |    43 |   209 |    85 ||   366
       Confuse           |       |       |    23 |    39 |    55 ||   117
  Use: Scroll            |     1 |     3 |    12 |     7 |     8 ||    31
       Potion            |     2 |       |       |       |     4 ||     6
 Stab: Sleeping          |    21 |    18 |    57 |   200 |    63 ||   359
       Confused          |       |       |    11 |    19 |    21 ||    51
       Distracted        |       |       |     2 |     1 |     1 ||     4
  Eat: Royal jelly       |       |     1 |       |     1 |       ||     2
       Pizza             |       |       |     2 |     1 |       ||     3
       Fruit             |       |       |     1 |       |     1 ||     2
       Bread ration      |       |       |       |     1 |     1 ||     2
